AoeStats
← frestrepo.7

Arabia

503704180Analyzed
3v3 RM · 1mo ago on Sep 1, 2026· 36m 33s· 6 players
Game mode
Random Map
Map size
Normal (6 player)
Population
200
Speed
Normal
Resources
Standard
Victory
Conquest
Starting age
Dark Age
Ending age
Imperial Age
RankedLock teamsTeams togetherTeam positionsShared explorationLock speedFull tech treeHidden civsTurbo modeCheats
Victory
Defeat
🇨🇴 Vikings · Colombia
971
+15
🇺🇸 Mongols · United States
958
+16
🇺🇸 Franks · United States
862
+42
🇹🇷 Huns · Türkiye
961
-17
🇨🇱 Muisca · Chile
948
-17
🇲🇽 Magyars · Mexico
947
-17
jmvillegasa
6:10 Loom
9:24 Feudal Age
11:24 Double-Bit Axe
15:15 Horse Collar
18:18 Castle Age
17:04 Fletching
17:19 Padded Archer Armor
18:55 Bloodlines
19:09 Gold Mining
19:59 Bow Saw
21:29 Heavy Plow
23:52 Thumb Ring
30:30 Gold Shaft Mining
35:36 Imperial Age
33:46 Wheelbarrow
34:06 Ballistics
34:23 Careening
34:12 Murder Holes
34:53 Bodkin Arrow
35:14 Leather Archer Armor
34:33 Light Cavalry
35:49 Hand Cart
shorty84125
7:27 Loom
10:36 Feudal Age
11:09 Double-Bit Axe
12:07 Horse Collar
18:34 Forging
18:15 Fletching
22:36 Castle Age
21:03 Padded Archer Armor
21:42 Scale Mail Armor
22:04 Gold Mining
23:38 Bow Saw
24:16 Pikeman
24:57 Squires
25:57 Iron Casting
25:04 Crossbowman
30:41 Bodkin Arrow
31:01 Leather Archer Armor
31:59 Ballistics
34:32 Heavy Plow
35:09 Gold Shaft Mining
34:24 Stone Mining
35:39 Treadmill Crane
35:54 Murder Holes
36:10 Masonry
39:23 Imperial Age
36:39 Town Watch
37:11 Chain Mail Armor
frestrepo.7
11:45 Feudal Age
10:51 Loom
12:28 Double-Bit Axe
19:02 Scale Barding Armor
18:49 Fletching
26:01 Gold Mining
26:04 Stone Mining
29:51 Castle Age
31:26 Husbandry
33:53 Bow Saw
El viejo7335
3:02 Loom
12:06 Feudal Age
19:06 Horse Collar
lerbismancillag
0:49 Loom
10:09 Feudal Age
10:48 Double-Bit Axe
10:40 Champi Runner
13:17 Horse Collar
16:37 Wheelbarrow
15:47 Town Watch
20:49 Castle Age
19:32 Forging
20:39 Gold Mining
20:55 Champi Warrior
21:36 Squires
25:20 Fletching
26:34 Bow Saw
28:01 Thumb Ring
MERT AVC
10:21 Feudal Age
10:51 Double-Bit Axe
10:52 Horse Collar
16:37 Castle Age
17:29 Heavy Plow
17:45 Bow Saw
18:07 Stone Mining
22:55 Wheelbarrow
24:10 Gold Mining
Connection lost

Rejoining the realm…

Still unreachable

The connection could not be restored.

Session expired

The server has moved on; the page needs a fresh start.